 Seeded DCSS version 0.26.1-2-gb8aa6d0cf2 (webtiles) character file.

Game seed: 2053558167528706882 (custom seed)

105 rocky1 the Sneak (level 5, -1/32 HPs)
             Began as a Kobold Brigand on Mar 27, 2021.
             Slain by an orc wizard
             ... wielding a +0 dagger of protection
              (2 damage)
             ... on level 3 of the Dungeon.
             The game lasted 00:05:34 (2086 turns).

rocky1 the Sneak (Kobold Brigand)                   Turns: 2086, Time: 00:05:35

Health: -1/32      AC:  6    Str:  5 (8)  XL:     5   Next: 9%
Magic:  5/5        EV: 14    Int: 11 (13) God:
Gold:   128        SH:  0    Dex: 15 (17) Spells: 4/4 levels left

rFire    . . .     SeeInvis .   a - +2 dagger
rCold    . . .     Faith    .   (shield restricted)
rNeg     + . .     Spirit   .   m - +0 leather armour
rPois    .         Reflect  .   (no helmet)
rElec    .         Harm     .   c - +0 cloak
rCorr    .         Rampage  .   l - +0 pair of gloves
Will     .....                  i - +0 pair of boots
Stlth    ++++......             (no amulet)
HPRegen  0.10/turn              k - ring of positive energy
MPRegen  0.09/turn              (no ring)

@: no status effects
A: small, nightstalker 3
a: no special abilities


You were on level 3 of the Dungeon.
You visited 1 branch of the dungeon, and saw 3 of its levels.

You collected 128 gold pieces.

Inventory:

Hand Weapons
 a - a +2 dagger (weapon)
Missiles
 d - 35 poisoned darts (quivered)
 e - 2 curare-tipped darts
Armour
 c - a +0 cloak (worn)
 i - a +0 pair of boots (worn)
 l - a +0 pair of gloves (worn)
 m - a +0 leather armour (worn)
Jewellery
 k - a ring of positive energy (left hand)
Scrolls
 b - a scroll of enchant armour {unknown}
 f - a scroll of remove curse {unknown}
 g - a scroll of amnesia {unknown}
 j - 3 scrolls of teleportation {unknown}


   Skills:
 + Level 3.2 Fighting
 + Level 3.9 Short Blades
 - Level 2.1 Throwing
 + Level 2.8 Dodging
 + Level 6.2 Stealth


You had 4 spell levels left.
You didn't know any spells.
Your spell library was empty.

Dungeon Overview and Level Annotations

Branches:
Dungeon (3/15)

Altars:
Qazlal


Innate Abilities, Weirdness & Mutations

You are small and have problems with some larger weapons.
You are completely attuned to the shadows.


Message History

You hit something but do no damage. Something hits you but does no damage.
You hit something but do no damage. Something hits you.
You hit something but do no damage. Something hits you.
* * * LOW HITPOINT WARNING * * *
You hit something but do no damage. Something hits you.
* * * LOW HITPOINT WARNING * * *
You hit something but do no damage.
You hear some strange, mumbled words.
A puff of flame appears from out of thin air!
The puff of flame misses you. Something closely misses you.
You hit something but do no damage. Something hits you but does no damage.
You miss something. Something hits you but does no damage.
You barely miss something. Something hits you.
* * * LOW HITPOINT WARNING * * *
Unknown command.
It was a potion of degeneration.
There was something very wrong with that liquid.
You feel weakened.
You feel dopey.
You feel clumsy. Something hits you.
You die...

.### .... #####....
....b)... ##{# #.@#
#.## #.###########
#.##........#
###'##........#
#.............#####
#.†...............#
#..<.....###......#
#........# #......#


You could see a bat.

Vanquished Creatures
  An orc priest (D:3)
  An adder (D:2)
  An ooze (D:1)
  2 worms (D:2)
  A dart slug (D:1)
  2 leopard geckos
  An orc (D:3)
  2 giant cockroaches (D:1)
  3 goblins
  6 hobgoblins
  8 jackals
  A quokka (D:2)
  2 ball pythons
  8 bats
  2 frilled lizards
  2 kobolds
  8 rats
51 creatures vanquished.

Notes
Turn   | Place    | Note
-------+----------+-------------------------------------------
     0 | D:1      | rocky1 the Kobold Brigand began the quest for the Orb.
     0 | D:1      | Reached XP level 1. HP: 12/12 MP: 1/1
    85 | D:1      | Reached XP level 2. HP: 18/18 MP: 2/2
   285 | D:1      | Reached XP level 3. HP: 22/22 MP: 3/3
   502 | D:1      | You fall into a shaft and drop 1 floor!
  1121 | D:2      | Reached XP level 4. HP: 27/27 MP: 4/4
  1573 | D:2      | Reached skill level 6 in Stealth
  1875 | D:2      | Found a stormy altar of Qazlal.
  2055 | D:3      | Reached XP level 5. HP: 21/32 MP: 5/5
  2085 | D:3      | HP: 1/32 [something (6)]
  2086 | D:3      | Slain by an orc wizard

Illustrated notes

Levels and vault maps discovered:
D:1:      tarquinn_simple_flora_water_b, layout_basic
D:2:      layout_loops_ring, nicolae_qazlal_eye_of_the_storm, serial_glass,
          glass_columns_a, glass_columns_a, due_unseen_surprise, feat_on_display
D:3:      layout_basic, tso_altar

Skill      XL: |  1  2  3  4 |
---------------+-------------+-----
Short Blades   | 3 |  3.9
Dodging        | 2 |  2.8
Fighting       | 3 |  3.2
Stealth        | 6 |  6.2
Throwing       | |  2.1

Action                   |  1- 3 |  4- 6 || total
-------------------------+-------+-------++-------
Melee: Dagger            |    72 |   120 ||   192
Throw: Dart              |       |     6 ||     6
  Use: Potion            |     2 |     2 ||     4
 Stab: Sleeping          |    18 |     3 ||    21
Armor: Leather armour    |    16 |    32 ||    48
       Robe              |     1 |       ||     1
Dodge: Dodged            |    39 |    83 ||   122
